 Dungeon Crawl Stone Soup version 0.27-a0-1140-g099f9bb0e8 (webtiles) character file.

Game seed: 12534451835059906403

245 Zeld the Chucker (level 6, -2/43 HPs)
             Began as an Octopode Fighter on May 9, 2021.
             Killed from afar by Ijyb (9 damage)
             ... with a bolt of acid
             ... on level 3 of the Dungeon.
             The game lasted 00:04:24 (4080 turns).

Zeld the Chucker (Octopode Fighter)                 Turns: 4080, Time: 00:04:24

Health: -2/43      AC:  1    Str: 18    XL:     6   Next: 10%
Magic:  6/6        EV: 13    Int: 10    God:
Gold:   88         SH:  0    Dex: 11    Spells: 5/5 levels left

rFire    . . .     SeeInvis .   a - +0 war axe
rCold    . . .     Faith    .   (no shield)
rNeg     . . .     Spirit   .   (helmet restricted)
rPois    .         Reflect  .   j - amulet of the acrobat
rElec    .         Harm     .   (no ring)
rCorr    .         Rampage  .   (no ring)
Will     .....                  (no ring)
Stlth    ++........             (no ring)
HPRegen  0.14/turn              (no ring)
MPRegen  0.10/turn              (no ring)
                                (no ring)
                                (no ring)

@: no status effects
A: almost no armour, amphibious, 8 rings, camouflage 1, gelatinous body 1,
(nimble swimmer 1), tentacles
a: no special abilities


You were on level 3 of the Dungeon.
You visited 1 branch of the dungeon, and saw 3 of its levels.

You collected 88 gold pieces.

Inventory:

Hand Weapons
 a - a +0 war axe (weapon)
Missiles
 g - 15 poisoned darts (quivered)
Jewellery
 j - an amulet of the acrobat (around mantle)
Scrolls
 b - a scroll of summoning {unknown}
 d - a scroll of torment {unknown}
 e - a scroll of teleportation {unknown}
 h - 2 scrolls of identify {unknown}
 k - a scroll of magic mapping {unknown}
Potions
 c - a potion of might
 f - a potion of resistance
 i - a potion of curing {unknown}


   Skills:
 - Level 3.7 Fighting
 - Level 3.0 Axes
 * Level 4.7 Throwing
 - Level 3.0 Dodging
 - Level 3.0 Shields


You had 5 spell levels left.
You didn't know any spells.
Your spell library contained the following spells:

 Spells                   Type           Power      Damage    Failure   Level
 Poisonous Vapours        Pois/Air       0%         N/A       50%         2
 Static Discharge         Conj/Air       0%         N/A       50%         2
 Confusing Touch          Hex            0%         N/A       75%         3
 Dazzling Flash           Conj/Hex       0%         N/A       75%         3
 Gell's Gravitas          Tloc           0%         N/A       75%         3
 Olgreb's Toxic Radiance  Pois           0%         N/A       98%         4
 Petrify                  Tmut/Erth      0%         N/A       98%         4
 Metabolic Englaciation   Hex/Ice        0%         N/A       100%        5
 Yara's Violent Unravell  Hex/Tmut       0%         3d3       100%        5


Dungeon Overview and Level Annotations

Branches:
Dungeon (3/15)

Altars:

Annotations:
D:3 Ijyb


Innate Abilities, Weirdness & Mutations

You cannot wear most types of armour.
You are amphibious.
You can wear up to eight rings at the same time.
Your skin changes colour to match your surroundings (Stealth+).
Your rubbery body absorbs attacks. (AC +1, EV +1)
((You are camouflaged near water. (Stealth+)))
You have tentacles for arms and can constrict up to eight enemies at once.


Message History

a +0 flail; a +0 hunting sling; 23 stones You closely miss the goblin.
The goblin shouts!
Your grab misses the goblin.
You hear a shout!
The goblin misses you.
You hit the goblin. You grab the goblin.
The goblin is severely wounded.
You constrict the goblin.
You kill the goblin!
Items here: )) ††.
You start waiting.
Ijyb is nearby!
Press: ? - help, v - describe, . - travel, g - get item
Here: Ijyb, wielding a +0 dagger, wearing a +0 ring mail and carrying a wand of acid (8)
Items here: )) ††.
The floor, spattered with blood.
Unknown command.
Ijyb misses you.
You barely miss Ijyb. You grab Ijyb. You squeeze Ijyb.
Ijyb is lightly wounded.
You constrict Ijyb, but do no damage. Ijyb hits you with a +0 dagger.
You hit Ijyb but do no damage. You squeeze Ijyb, but do no damage.
Ijyb is lightly wounded.
You constrict Ijyb, but do no damage.
Ijyb screams, "No!
No, no, no, no!"
Ijyb zaps a wand.
The bolt of acid hits you!
You are splashed with acid!
* * * LOW HITPOINT WARNING * * *
Ijyb closely misses you.
You are too injured to fight recklessly!
You hit Ijyb but do no damage. You squeeze Ijyb.
Ijyb is moderately wounded.
You constrict Ijyb, but do no damage.
Ijyb zaps a wand.
The bolt of acid misses you.
Unknown command.
You hit Ijyb but do no damage.
Ijyb is moderately wounded.
You constrict Ijyb. Ijyb misses you.
Ijyb zaps a wand.
The bolt of acid hits you!
You die...

#...#.....#.....≈≈≈).
#...#.....#......≈≈..
##'##.....##)##..≈≈##
#...#.....#...#..≈≈#
#...#.....#...#..≈≈#
#...#.....#...#..≈≈#
##'##.....##'##).≈≈#
#............#...≈≈#
#...@...†....#.[.≈≈#
#..g##########.).≈≈#
#..)#.......#####≈≈#
#..)'.......' #≈≈#
#...'.......# #≈≈#
############# ####


You could see Ijyb.

Vanquished Creatures
  Natasha (thrice) (D:3)
  An orc wizard (D:3)
  5 adders
  2 dart slugs
  4 orcs (D:2)
  6 bats
  3 endoplasms
  2 giant cockroaches
  13 goblins
  9 hobgoblins
  13 jackals
  4 kobolds
  3 quokkas (D:1)
  9 ball pythons
  5 frilled lizards (D:2)
  8 rats
90 creatures vanquished.

Notes
Turn   | Place    | Note
-------+----------+-------------------------------------------
     0 | D:1      | Zeld the Octopode Fighter began the quest for the Orb.
     0 | D:1      | Reached XP level 1. HP: 16/16 MP: 1/1
    96 | D:1      | Reached XP level 2. HP: 3/21 MP: 2/2
   714 | D:1      | Reached XP level 3. HP: 14/26 MP: 3/3
  1054 | D:1      | Found a faded altar of an unknown god.
  1709 | D:2      | Reached skill level 1 in Throwing
  1714 | D:2      | Reached XP level 4. HP: 23/33 MP: 4/4
  2127 | D:2      | Reached skill level 2 in Throwing
  2860 | D:3      | Reached skill level 3 in Throwing
  2860 | D:3      | Reached XP level 5. HP: 26/37 MP: 5/5
  2977 | D:3      | Identified Meeghyvi's Guide on Toxins and Attacks
  2990 | D:3      | Noticed Natasha
  2995 | D:3      | Killed Natasha
  3001 | D:3      | Noticed Natasha
  3232 | D:3      | Killed Natasha
  3315 | D:3      | Noticed Natasha
  3325 | D:3      | Killed Natasha
  3326 | D:3      | Reached skill level 4 in Throwing
  3725 | D:3      | Reached XP level 6. HP: 36/43 MP: 6/6
  4051 | D:3      | Noticed Ijyb
  4080 | D:3      | Killed from afar by Ijyb

Illustrated notes

Levels and vault maps discovered:
D:1:      nzn_arrival_depleted_hourglass, layout_basic,
          ebering_ecumenical_altar_ruins, minmay_crystal_water
D:2:      layout_loops_cross
D:3:      kennysheep_goblin_castle, layout_rooms, uniq_natasha

Skill      XL: |  1  2  3  4  5 |
---------------+----------------+-----
Axes           | 3 |  3.0
Throwing       | 1 3 4 |  4.7
Fighting       | |  3.7
Dodging        | |  3.0
Shields        | |  3.0

Action                   |  1- 3 |  4- 6 || total
-------------------------+-------+-------++-------
Melee: War axe           |    68 |    89 ||   157
       Constrict         |    17 |    26 ||    43
       Tentacles         |     9 |    18 ||    27
Throw: Dart              |       |    13 ||    13
 Stab: Distracted        |     1 |       ||     1
       Sleeping          |     5 |     4 ||     9
Armor: Skin              |     5 |     4 ||     9
Dodge: Dodged            |    53 |    65 ||   118

Table legend: (Time is in decaauts)
 A = Elapsed time spent in this place.
 B = Non-inter-level travel time spent in this place.
 C = Inter-level travel time spent in this place.
 D = Time resting spent in this place.
 E = Time spent auto-exploring this place.
 F = Levels seen in this place.
 G = Mean time per level.
                   A        B        C        D        E       F      G
               +--------+--------+--------+--------+--------+-----+--------+
         Total |   4143 |   4094 |     49 |    686 |   2818 |   3 | 1381.0 |
       Dungeon |   4143 |   4094 |     49 |    686 |   2818 |   3 | 1381.0 |
               +--------+--------+--------+--------+--------+-----+--------+

Top non-repeatable levels by time:
     D:1: 1635 daAuts
     D:2: 1446 daAuts
     D:3: 1060 daAuts
